 Dungeon Crawl Stone Soup version 0.29.1-2-gbd0b4ee654 (console) character file.

Game seed: 8131461408091939345

92 om the Chopper (level 4, 0/33 HPs)
             Began as a Palentonga Fighter on Oct 25, 2022.
             Was a Follower of Hepliaklqana.
             Slain by a gnoll
             ... wielding a +0 whip
              (4 damage)
             ... on level 3 of the Dungeon.
             The game lasted 00:04:32 (2245 turns).

om the Chopper (Palentonga Fighter)                 Turns: 2245, Time: 00:04:33

Health: 0/33       AC:  8    Str: 23    XL:     4   Next: 35%
Magic:  0/4        EV:  7    Int:  8    God:    Hepliaklqana [*.....]
Gold:   57         SH:  4    Dex: 10    Spells: 3/3 levels left

rFire   . . .      SeeInvis +   a - +1 war axe (venom)
rCold   . . .      Faith    .   c - +0 buckler
rNeg    . . .      Spirit   +   b - +0 scale mail
rPois   +          Reflect  .   e - +1 helmet
rElec   .          Harm     .   (no cloak)
rCorr   .          Rampage  .   (no gloves)
Will    .....                   (no barding)
Stlth   ..........              j - amulet of guardian spirit
HPRegen 0.11/turn               f - ring of poison resistance
MPRegen 0.09/turn               (no ring)

@: no status effects
A: reduced essence, large, rugged brown scales 3, see invisible, deformed body,
roll 1, armoured tail
a: Rolling Charge, Renounce Religion, Recall Ancestor, Ancestor Identity


You were on level 3 of the Dungeon.
You worshipped Hepliaklqana.
Hepliaklqana was aware of your devotion.
You visited 1 branch of the dungeon, and saw 3 of its levels.

You collected 57 gold pieces.

Inventory:

Hand Weapons
 a - a +1 war axe of venom (weapon)
Armour
 b - a +0 scale mail (worn)
 c - a +0 buckler (worn)
 e - a +1 helmet (worn)
Jewellery
 f - a ring of poison resistance (left hand)
 j - an amulet of guardian spirit (around neck)
Potions
 d - a potion of might
 k - a potion of resistance


   Skills:
 - Level 3.0 Fighting
 * Level 4.7 Axes
 - Level 2.4 Armour
 - Level 2.6 Shields


You had 3 spell levels left.
You didn't know any spells.
Your spell library contained the following spells:

 Spells                   Type           Power      Damage    Failure   Level
 Gell's Gravitas          Tloc           0%         N/A       99%         3
 Lesser Beckoning         Tloc           0%         N/A       99%         3
 Teleport Other           Tloc           0%         N/A       99%         3


Dungeon Overview and Level Annotations

Branches:
Dungeon (3/15)

Altars:
Fedhas
Hepliaklqana


Innate Abilities, Weirdness & Mutations

Your life essence is reduced to manifest your ancestor. (-10% HP)
You are completely covered in rugged brown scales. (AC +3, +7% HP)
You have supernaturally acute eyesight. (SInv)
Armour fits poorly on your strangely shaped body.
You can roll at nearby foes to attack.
You have a long armoured tail.


Message History

The gnoll attacks as you move away! The gnoll barely misses you.
Found an escape hatch in the floor.
The gnoll closely misses Thallos.
Thallos hits the gnoll.
There is an open door here.
You hit the gnoll but do no damage.
Your tail-slap misses the gnoll.
You block the gnoll's attack.
The gnoll closely misses Thallos.
The gnoll completely misses you.
Thallos barely misses the gnoll.
The gnoll hits Thallos with a +0 whip of venom.
The gnoll closely misses Thallos.
The gnoll hits you but does no damage.
The gnoll hits you from afar with a +0 halberd!
You barely miss the gnoll.
Thallos closely misses the gnoll.
The gnoll hits you from afar with a +0 halberd!
* * * LOW HITPOINT WARNING * * *
You block the gnoll's attack.
The gnoll hits Thallos with a +0 whip of venom!
The gnoll hits you but does no damage.
Thallos hits the gnoll.
The gnoll barely misses Thallos.
Thallos barely misses the gnoll.
You barely miss the gnoll. You tail-slap the gnoll.
The gnoll is heavily wounded.
The gnoll hits Thallos with a +0 whip of venom.
Thallos hits the gnoll.
The gnoll attacks as you move away! The gnoll hits you but does no damage.
The gnoll attacks as you move away! You block the gnoll's attack.
Okay, then.
There is an open door here.
Okay, then.
Thallos is recalled.
The gnoll hits you but does no damage.
The gnoll hits Thallos with a +0 whip!
Thallos hits the gnoll.
The gnoll hits Thallos with a +0 whip!
Thallos is destroyed!
The gnoll shouts!
There is a stone staircase leading down here.
Okay, then.
The gnoll attacks as you move away! The gnoll barely misses you.
You see here a staff of earth.
The gnoll attacks as you move away! The gnoll hits you with a +0 whip.
* * * LOW HITPOINT WARNING * * *
The gnoll attacks as you move away! The gnoll hits you with a +0 whip.
You die...

#.........♣.###.♣#..
#....>....♣.g...♣...
#.g.....g.♣'♣♣♣+♣#..
#..##.###........#..
#..##.# #........##.
#..##.# #g.........
#.g#.^# #..........
###.g#.####.......##.
##....@..........#....
##.........########....
#...........# ##.
#...........#
#...........#
##.........##
##.......## ##.#.####
##.#.#


You could see 3 gnolls.

Vanquished Creatures
  Terence (D:2)
  Robin (D:2)
  A worm (D:2)
  4 ball pythons
  3 bats
  6 endoplasms
  3 giant cockroaches
  8 goblins
  4 hobgoblins
  2 jackals (D:2)
  3 kobolds
  3 quokkas (D:1)
  3 frilled lizards (D:1)
  3 rats
45 creatures vanquished.

Vanquished Creatures (collateral kills)
  A goblin (D:2)
  A kobold (D:2)
2 creatures vanquished.

Vanquished Creatures (others)
  3 ancestors
  A fungus (D:1)
4 creatures vanquished.

Grand Total: 51 creatures vanquished

Notes
Turn   | Place    | Note
-------+----------+-------------------------------------------
     0 | D:1      | om the Palentonga Fighter began the quest for the Orb.
     0 | D:1      | Reached XP level 1. HP: 19/19 MP: 1/1
   330 | D:1      | Reached XP level 2. HP: 25/25 MP: 2/2
   334 | D:1      | You fall into a shaft and drop 1 floor!
   362 | D:2      | Reached skill level 3 in Axes
   894 | D:1      | Reached XP level 3. HP: 31/31 MP: 3/3
  1200 | D:1      | Found a faded altar of an unknown god.
  1204 | D:1      | Prayed at the altar of an unknown god.
  1204 | D:1      | Became a worshipper of Hepliaklqana the Forgotten
  1204 | D:1      | Reached * piety under Hepliaklqana
  1408 | D:2      | Noticed Robin
  1419 | D:2      | Killed Robin
  1420 | D:2      | Reached skill level 4 in Axes
  1950 | D:2      | Noticed Terence
  1963 | D:2      | Killed Terence
  1964 | D:2      | Reached XP level 4. HP: 23/33 MP: 2/4
  2193 | D:3      | Found a blossoming altar of Fedhas.
  2245 | D:3      | Slain by a gnoll

Illustrated notes

Levels and vault maps discovered:
D:1:      tarquinn_simple_flora_water_a, layout_basic,
          shapermc_ecumenical_altar_petra
D:2:      layout_loops_ring, uniq_robin, uniq_terence
D:3:      layout_rooms, mainiacjoe_overflow_six_doors_small, serial_shops, shop,
          uniq_natasha

Skill      XL: |  1  2  3 |
---------------+----------+-----
Axes           | 3 4 |  4.7
Fighting       | |  3.0
Armour         | |  2.4
Shields        | |  2.6

Action                   |  1- 3 |  4- 6 || total
-------------------------+-------+-------++-------
Melee: War axe           |    94 |     8 ||   102
       Tailslap          |    11 |     2 ||    13
Invok: Ancestor Identity |     1 |     1 ||     2
       Recall Ancestor   |       |     1 ||     1
 Abil: Rolling Charge    |    23 |     3 ||    26
  Use: Scroll            |     5 |     3 ||     8
Armor: Scale mail        |    27 |     5 ||    32
Dodge: Dodged            |    26 |     7 ||    33
Block: Buckler           |    11 |     4 ||    15
